 Dungeon Crawl Stone Soup version 0.28-a0-1080-g05a166d0ed (webtiles) character file.

Game seed: 17166479001626390752

7607 SmokeWeed the Covered (level 10, -1/80 HPs)
             Began as a Demonspawn Fighter on Dec 10, 2021.
             Was a Priest of Okawaru.
             Slain by a purple ugly thing (5 damage)
             ... on level 11 of the Dungeon.
             The game lasted 00:29:24 (11070 turns).

SmokeWeed the Covered (Demonspawn Fighter)         Turns: 11070, Time: 00:29:24

Health: -1/80      AC: 18    Str: 28    XL:     10   Next: 98%
Magic:  14/14      EV: 12    Int:  9    God:    Okawaru [***...]
Gold:   658        SH:  6    Dex: 12    Spells: 11/14 levels left

rFire   . . .      SeeInvis .   J - +5 scimitar
rCold   . . .      Faith    .   c - +1 buckler
rNeg    . . .      Spirit   .   v - +3 chain mail
rPois   .          Reflect  .   (helmet restricted)
rElec   .          Harm     .   q - +0 cloak
rCorr   .          Rampage  .   b - +2 pair of gloves {Stlth+}
Will    +....                   (no boots)
Stlth   ..........              (no amulet)
HPRegen 0.23/turn               E - +6 ring of strength
MPRegen 0.14/turn               m - ring of willpower

@: mighty, marked, hasted, studying Bows, very quick
A: antennae 1, repulsion field 1, ignite blood 1, powered by death 1
a: Renounce Religion, Heroism


You were on level 11 of the Dungeon.
You worshipped Okawaru.
Okawaru was most pleased with you.
You visited 2 branches of the dungeon, and saw 12 of its levels.

You collected 658 gold pieces.

Inventory:

Hand Weapons
 i - a +2 short sword of freezing
 y - a +2 whip of flaming
 A - a +0 war axe of draining
 J - a +5 scimitar (weapon)
 O - the +6 long sword of the Hummingbird {vorpal, Dex+6}
   (You found it on level 10 of the Dungeon)

   It inflicts extra damage upon your enemies.
   Dex:       It affects your dexterity (+6).
 P - a +2 hunting sling of freezing
Missiles
 j - 257 stones (quivered)
 k - 2 javelins
 u - 5 curare-tipped darts
 C - 2 silver javelins
 H - 20 poisoned darts
 L - 6 boomerangs
 M - 3 silver boomerangs
Armour
 b - a +2 pair of gloves of stealth (worn)
 c - a +1 buckler (worn)
 q - a +0 cloak (worn)
 v - a +3 chain mail (worn)
Magical Staves
 G - a staff of conjuration
Jewellery
 g - a ring of resist corrosion
 m - a ring of willpower (right hand)
 r - a ring of positive energy
 B - a ring of ice
 E - a +6 ring of strength (left hand)
Wands
 K - a wand of iceblast (1)
Scrolls
 e - 3 scrolls of vulnerability
 f - a scroll of noise
 o - 2 scrolls of teleportation
 p - 2 scrolls of fear
 t - a scroll of acquirement
 x - a scroll of amnesia
 I - a scroll of fog
Potions
 a - a potion of attraction {unknown}
 d - 2 potions of might
 h - 2 potions of lignification {unknown}
 l - 2 potions of degeneration
 n - 2 potions of ambrosia {unknown}
 s - 4 potions of flight
 w - 4 potions of curing
 z - 2 potions of magic
 D - a potion of brilliance {unknown}
 F - a potion of haste
Miscellaneous
 N - a piece from Xom's chessboard (15/15)


   Skills:
 * Level 7.7 Fighting
 - Level 4.8(5.6) Short Blades
 * Level 4.5(5.5) Long Blades
 - Level 3.5(3.9) Axes
 - Level 2.3(3.3) Polearms
 + Level 1.6 Throwing
 * Level 7.9 Armour
 * Level 5.1 Dodging
 + Level 1.1 Stealth
 * Level 6.5 Shields
 * Level 2.9 Spellcasting


You had 11 spell levels left.
You knew the following spells:

 Your Spells              Type           Power      Damage    Failure   Level
a - Mephitic Cloud        Conj/Pois/Air  1%         N/A       99%         3

Your spell library contained the following spells:

 Spells                   Type           Power      Damage    Failure   Level
 Apportation              Tloc           2%         N/A       82%         1
 Corpse Rot               Necr/Air       2%         N/A       91%         2
 Poisonous Vapours        Pois/Air       2%         N/A       91%         2
 Ignite Poison            Fire/Tmut/Pois 1%         N/A       99%         3
 Fulminant Prism          Conj/Hex       0%         3d6       100%        4
 Iskenderun's Mystic Bla  Conj/Tloc      1%         2d3       100%        4
 Olgreb's Toxic Radiance  Pois           1%         N/A       100%        4
 Freezing Cloud           Conj/Ice/Air   0%         6-21      100%        5
 Lee's Rapid Deconstruct  Erth           0%         3d5*      100%        5
 Ozocubu's Refrigeration  Ice            0%         4d5       100%        7
 Storm Form               Tmut/Air       0%         N/A       100%        7
 Ignition                 Fire           0%         3d3       100%        8
 Maxwell's Capacitive Co  Air            0%         ∞         100%        8
 Animate Skeleton         Necr           Unusable   N/A       N/A         1
 Summon Small Mammal      Summ           Unusable   N/A       N/A         1
 Summon Lightning Spire   Summ/Air       Unusable   N/A       N/A         4

Dungeon Overview and Level Annotations

Branches:
Dungeon (11/15)            Temple (1/1) D:7             Orc (0/2) D:10
   Lair: D:8-11

Altars:
Ashenzari
Cheibriados
Dithmenos
Elyvilon
Fedhas
Gozag
Hepliaklqana
Kikubaaqudgha
Makhleb
Nemelex Xobeh
Okawaru
Qazlal
Ru
Sif Muna
Trog
Uskayaw
Vehumet
Wu Jian
Xom
Yredelemnul
Zin
The Shining One

Shops:
D:9 *


Innate Abilities, Weirdness & Mutations

You have a pair of small antennae on your head.
You are surrounded by a mild repulsion field. (EV +2)
Your demonic aura sometimes causes spilled blood to erupt in flames.
You regenerate a little health from kills.


Message History

You hit the boulder beetle but do no damage.
The boulder beetle is heavily wounded.
The yak gores you but does no damage. x2
A yak comes into view.
You hit the boulder beetle but do no damage.
The boulder beetle is heavily wounded.
The boulder beetle closely misses you. The yak gores you but does no damage.
The yak closely misses you.
You hit the boulder beetle but do no damage.
The boulder beetle is heavily wounded.
The boulder beetle bites you.
* * * LOW HITPOINT WARNING * * *
You hit the boulder beetle.
The boulder beetle is heavily wounded.
A wraith comes into view.
You block the yak's attack. x2
The boulder beetle bites you but does no damage.
You slash the boulder beetle!
The boulder beetle is severely wounded.
The yak gores you!
* * * LOW HITPOINT WARNING * * *
You block the yak's attack.
You hit the boulder beetle.
The boulder beetle is severely wounded.
The boulder beetle bites you but does no damage.
A yak comes into view.
The yak gores you but does no damage. The yak gores you.
* * * LOW HITPOINT WARNING * * *
You slash the boulder beetle!
The boulder beetle is almost dead.
The boulder beetle leaps!
A yak comes into view.
The purple ugly thing closely misses you.
A yak comes into view.
The yak gores you but does no damage. The white ugly thing barely misses you.
You see here a yak corpse.
You slash the purple ugly thing!
The purple ugly thing is lightly wounded.
The purple ugly thing kicks you.
You die...

#.....# .....
#Y..# #Y..#
#######Y.○#
..$?...W..#######
.......Y#<.......
.....Yuu#########
......Y@#
......YY#
.....())#
..B..(..#
........#
........#
........#
#########


You could see a boulder beetle, 2 ugly things, 8 yaks and a wraith.

Vanquished Creatures
  Nergalle (D:10)
  Pikel (D:6)
  A demonic crawler (D:10)
  An unseen horror (D:11)
  A troll (D:10)
  Grinder (D:6)
  A shadow (D:9)
  A yak (D:11)
  3 swamp worms (D:10)
  4 wargs (D:10)
  2 sky beasts (D:5)
  2 orc warriors (D:6)
  3 ice beasts
  2 black bears (D:4)
  3 ogres
  3 necrophages
  18 centaurs
  A phantom (D:4)
  2 bullfrogs
  3 scorpions
  A water moccasin zombie (D:6)
  12 wights (D:8)
  2 howler monkeys
  3 centaur zombies
  3 jellies
  A centaur skeleton (D:7)
  4 hounds
  2 orc priests
  7 orc wizards
  2 killer bee zombies
  A hound skeleton (D:4)
  10 adders
  A shadow imp (D:5)
  A white imp (D:6)
  A worm (D:2)
  5 dart slugs
  28 orcs
  8 ball pythons
  3 endoplasms
  A giant cockroach (D:3)
  9 goblins
  5 hobgoblins
  2 jackals (D:1)
  8 kobolds
  2 quokkas
  7 bats
  4 frilled lizards
  7 rats
194 creatures vanquished.

Vanquished Creatures (others)
  6 plants
6 creatures vanquished.

Grand Total: 200 creatures vanquished

Notes
Turn   | Place    | Note
-------+----------+-------------------------------------------
     0 | D:1      | SmokeWeed the Demonspawn Fighter began the quest for the
                  | Orb.
     0 | D:1      | Reached XP level 1. HP: 18/18 MP: 1/1
   395 | D:1      | Gained mutation: You are surrounded by a mild repulsion
                  | field. (EV +2) [demonic ancestry]
   395 | D:1      | Reached XP level 2. HP: 24/24 MP: 2/2
   939 | D:2      | Gained mutation: Your demonic aura sometimes causes spilled
                  | blood to erupt in flames. [demonic ancestry]
   939 | D:2      | Reached XP level 3. HP: 17/29 MP: 3/3
  2352 | D:2      | Found a faded altar of an unknown god.
  2606 | D:3      | Reached XP level 4. HP: 34/35 MP: 4/4
  3488 | D:4      | Noticed an ogre
  3492 | D:4      | Killed an ogre
  3493 | D:4      | Reached skill level 1 in Short Blades
  3493 | D:4      | Reached XP level 5. HP: 34/42 MP: 5/5
  3719 | D:4      | Identified 3 scrolls of acquirement
  3719 | D:4      | Acquired a +2 pair of gloves of stealth
  3755 | D:4      | Noticed a black bear
  3766 | D:4      | Killed a black bear
  3767 | D:4      | Reached skill level 1 in Dodging
  3767 | D:4      | Reached XP level 6. HP: 32/48 MP: 6/6
  4328 | D:4      | Reached XP level 7. HP: 54/54 MP: 7/7
  4538 | D:5      | Entered Level 5 of the Dungeon
  4642 | D:5      | Reached skill level 1 in Throwing
  4642 | D:5      | Reached skill level 5 in Armour
  4642 | D:5      | Reached skill level 1 in Stealth
  5100 | D:5      | Gained mutation: You regenerate a little health from kills.
                  | [demonic ancestry]
  5100 | D:5      | Reached XP level 8. HP: 50/61 MP: 8/8
  5246 | D:5      | Reached skill level 5 in Fighting
  5535 | D:5      | Reached skill level 5 in Shields
  5994 | D:6      | Noticed Grinder
  5999 | D:6      | Paralysed by Grinder for 3 turns
  6014 | D:6      | Killed Grinder
  6423 | D:6      | Noticed Pikel
  6450 | D:6      | Killed Pikel
  6451 | D:6      | Gained mutation: You have a pair of small antennae on your
                  | head. [demonic ancestry]
  6451 | D:6      | Reached XP level 9. HP: 44/69 MP: 9/9
  6943 | D:7      | Reached skill level 1 in Axes
  7250 | D:7      | Found a staircase to the Ecumenical Temple.
  7261 | Temple   | Entered the Ecumenical Temple
  7328 | Temple   | Became a worshipper of Warmaster Okawaru
  7539 | D:7      | Learned a level 3 spell: Mephitic Cloud
  7767 | D:8      | Reached XP level 10. HP: 18/69 MP: 11/11
  8134 | D:8      | Reached skill level 1 in Long Blades
  8134 | D:8      | Reached skill level 1 in Spellcasting
  8272 | D:8      | Reached * piety under Okawaru
  8885 | D:9      | Acquired a +6 ring of strength
  9189 | D:9      | Found Xynkalus's Overcharged Wands.
  9331 | D:10     | Entered Level 10 of the Dungeon
  9349 | D:10     | You fall into a shaft and drop 1 floor!
  9406 | D:11     | Reached ** piety under Okawaru
  9541 | D:10     | Noticed Nergalle
  9550 | D:10     | Killed Nergalle
  9577 | D:10     | Found a staircase to the Orcish Mines.
  9770 | D:10     | Found a broken altar of Ashenzari.
  9824 | D:10     | Identified the +6 long sword of the Hummingbird {vorpal,
                  | Dex+6}
  9947 | D:10     | Reached skill level 5 in Dodging
 11040 | D:11     | Reached *** piety under Okawaru
 11051 | D:11     | Noticed a boulder beetle
 11056 | D:11     | Noticed a purple ugly thing
 11059 | D:11     | Noticed a white ugly thing
 11067 | D:11     | HP: 4/80 [yak (4)]
 11070 | D:11     | Slain by a purple ugly thing

Illustrated notes

Levels and vault maps discovered:
D:1:      kilobyte_arrival_exit_the_forest, layout_loops_cross,
          corexii_item_surrounded_by_moat, hangedman_decor_growths
D:2:      layout_basic, ebering_ecumenical_altar_webs, grunt_ministairs_1
D:3:      kennysheep_six_static_rooms, layout_basic
D:4:      layout_rooms, st_stairs_1, nrook_loot_triangle
D:5:      layout_basic
D:6:      cheibrodos_two_vegetables, layout_basic, minmay_parallelograms,
          uniq_pikel, uniq_grinder
D:7:      layout_basic, minmay_temple_entry_overgrown, minivault_19
D:8:      layout_loops_cross, columned_hall_lemuel
D:9:      layout_long_grid, nicolae_shop_overcharged_wands
D:10:     layout_stronghold, mainiacjoe_overflow_paths,
          minmay_orc_entry_guard_dogs, worms_lemuel, uniq_nergalle
D:11:     layout_basic, lair_entry_dummy, uniq_josephine
Temple:   nicolae_temple_the_god_donut

Skill      XL: |  1  2  3  4  5  6  7  8  9 10 |
---------------+-------------------------------+-----
Polearms       | 2 |  2.3
Armour         | 3 4 5 6 7 |  7.9
Shields        | 3 4 5 6 |  6.5
Short Blades   | 1 2 4 |  4.8
Fighting       | 4 5 6 7 |  7.7
Dodging        | 1 2 3 4 5 |  5.1
Throwing       | 1 |  1.6
Stealth        | 1 |  1.1
Axes           | 3 |  3.5
Long Blades    | 4 |  4.5
Spellcasting   | 2 |  2.9

Action                   |  1- 3 |  4- 6 |  7- 9 | 10-12 || total
-------------------------+-------+-------+-------+-------++-------
Melee: Trident           |    84 |       |       |       ||    84
       Short sword       |    15 |   171 |   289 |       ||   475
       War axe           |       |       |   111 |       ||   111
       Long sword        |       |       |    41 |    17 ||    58
       Scimitar          |       |       |       |   152 ||   152
Throw: Stone             |    11 |     9 |    12 |     4 ||    36
       Dart              |       |       |     5 |       ||     5
       Javelin           |       |       |     1 |       ||     1
Invok: Heroism           |       |       |       |     3 ||     3
Evoke: Wand              |       |       |       |     3 ||     3
  Use: Scroll            |     5 |     7 |     2 |     8 ||    22
       Potion            |       |       |     3 |     2 ||     5
Armor: Scale mail        |    26 |    45 |       |       ||    71
       Chain mail        |       |    40 |   229 |   167 ||   436
Dodge: Dodged            |    43 |    96 |   170 |   157 ||   466
Block: Buckler           |    11 |    46 |   106 |    96 ||   259

Table legend: (Time is in decaauts)
 A = Elapsed time spent in this place.
 B = Non-inter-level travel time spent in this place.
 C = Inter-level travel time spent in this place.
 D = Time resting spent in this place.
 E = Time spent auto-exploring this place.
 F = Levels seen in this place.
 G = Mean time per level.
                   A        B        C        D        E       F      G
               +--------+--------+--------+--------+--------+-----+--------+
         Total |  11199 |  11169 |     30 |    894 |   7297 |  12 |  933.2 |
       Dungeon |  11068 |  11038 |     30 |    894 |   7297 |  11 | 1006.2 |
        Temple |    131 |    131 |      0 |      0 |      0 |   1 |  131.0 |
               +--------+--------+--------+--------+--------+-----+--------+

Top non-repeatable levels by time:
    D:10: 1658 daAuts
     D:2: 1634 daAuts
     D:8: 1260 daAuts
     D:5: 1249 daAuts
     D:6: 1161 daAuts
     D:4: 1145 daAuts
     D:1: 931 daAuts
     D:3: 858 daAuts
     D:7: 536 daAuts
     D:9: 524 daAuts
  Temple: 131 daAuts
    D:11: 106 daAuts
